 Seeded DCSS version 0.29.1-15-g9cfb28693d (webtiles) character file.

Game seed: 2687677490326317623 (custom seed)

166 Gelion the Trooper (level 5, 0/54 HPs)
             Began as an Ogre Warper on July 30, 2023.
             Slain by a scorpion (3 damage)
             ... on level 3 of the Dungeon.
             The game lasted 00:04:25 (3242 turns).

Gelion the Trooper (Ogre Warper)                    Turns: 3242, Time: 00:04:25

Health: 0/54       AC:  4    Str: 15    XL:     5   Next: 47%
Magic:  10/10      EV:  9    Int: 16    God:
Gold:   179        SH:  0    Dex:  8    Spells: 10/10 levels left

rFire   . . .      SeeInvis .   l - +0 mace (holy)
rCold   . . .      Faith    .   (no shield)
rNeg    . . .      Spirit   .   b - +1 robe
rPois   .          Reflect  .   (helmet restricted)
rElec   .          Harm     .   (no cloak)
rCorr   .          Rampage  .   (gloves unavailable)
Will    .....                   (boots unavailable)
Stlth   +.........              (no amulet)
HPRegen 0.18/turn               (no ring)
MPRegen 0.12/turn               (no ring)

@: lethally poisoned (0 -> -8)
A: large, unfitting armour, tough skin 1
a: no special abilities


You were on level 3 of the Dungeon.
You visited 1 branch of the dungeon, and saw 4 of its levels.

You collected 179 gold pieces.

Inventory:

Hand Weapons
 l - a +0 mace of holy wrath (weapon)
Missiles
 d - 7 boomerangs of dispersal (quivered)
Armour
 b - a +1 robe (worn)
Scrolls
 c - a scroll of blinking
 e - 2 scrolls of teleportation
 h - a scroll of enchant weapon {unknown}
 i - a scroll of noise {unknown}
Potions
 a - a potion of mutation
 f - a potion of resistance {unknown}
 g - 3 potions of haste
 j - a potion of berserk rage
 k - a potion of might


   Skills:
 + Level 3.9 Fighting
 * Level 3.3 Maces & Flails
 - Level 1.0 Throwing
 - Level 2.1 Dodging
 + Level 3.4 Spellcasting
 + Level 3.4 Translocations


You had 10 spell levels left.
You didn't know any spells.
Your spell library contained the following spells:

 Spells                   Type           Power      Damage    Failure   Level
 Blink                    Tloc           26%        N/A       7%          2
 Gell's Gravitas          Tloc           13%        N/A       13%         3
 Lesser Beckoning         Tloc           13%        N/A       13%         3
 Teleport Other           Tloc           13%        N/A       13%         3
 Manifold Assault         Tloc           13%        N/A       77%         5


Dungeon Overview and Level Annotations

Branches:
Dungeon (4/15)
 Temple: D:4-7

Altars:
Trog


Innate Abilities, Weirdness & Mutations

You are too large for most types of armour.
You have tough skin. (AC +1)


Message History

The scorpion poisons you!
You closely miss the scorpion.
The scorpion is lightly wounded.
You feel very sick. The scorpion stings you.
* * * LOW HITPOINT WARNING * * *
You hit the scorpion.
The scorpion is lightly wounded.
You feel very sick. The scorpion stings you.
* * * LOW HITPOINT WARNING * * *
You are more poisoned.
The scorpion poisons you! The scorpion stings you.
* * * LOW HITPOINT WARNING * * *
You feel much better.
You feel very sick. The scorpion barely misses you.
You closely miss the scorpion.
The scorpion is lightly wounded.
You feel very sick. The scorpion barely misses you.
The scorpion closely misses you.
You closely miss the scorpion.
The scorpion is lightly wounded.
You feel very sick. The scorpion stings you.
* * * LOW HITPOINT WARNING * * *
You are lethally poisoned!
The scorpion poisons you!
You hit the scorpion.
The scorpion is heavily wounded.
* * * LOW HITPOINT WARNING * * *
You feel very sick. The scorpion barely misses you. The scorpion stings you.
* * * LOW HITPOINT WARNING * * *
You barely miss the scorpion.
The scorpion is heavily wounded.
* * * LOW HITPOINT WARNING * * *
You feel very sick. The scorpion stings you.
You die...

# ##.## ##.# #.#
###...## #.#####.###
##.....## #.#.......#
........###.#.###.#.#
.....[.........##.#.#
...............##.#.#
##.....#.......##.#.#
###...##.......##[#.# #
######..)...gs@.#.###
#8#.........####...#
####_###...>.###.####.#
...#.###.#####.#.# #.#
####.~~### ##.P#.# #.#
#..P~.###P..#.## #.#
#####.P.~.PPPP~~..###.#
....####.~~~~~P#.#.##.#
######.###.PP.P#.##...#


You could see a scorpion and a goblin.

Vanquished Creatures
  A jelly (D:3)
  Natasha (thrice) (D:2)
  2 adders (D:3)
  An orc (D:3)
  3 endoplasms
  4 giant cockroaches
  3 hobgoblins
  5 quokkas
  4 ball pythons
  3 bats
  7 frilled lizards
  7 goblins
  3 kobolds
  5 rats
51 creatures vanquished.

Notes
Turn   | Place    | Note
-------+----------+-------------------------------------------
     0 | D:1      | Gelion the Ogre Warper began the quest for the Orb.
     0 | D:1      | Reached XP level 1. HP: 22/22 MP: 3/3
   443 | D:1      | Reached XP level 2. HP: 29/29 MP: 5/5
  1248 | D:2      | Noticed Natasha
  1251 | D:2      | Killed Natasha
  1252 | D:2      | Reached XP level 3. HP: 31/37 MP: 7/7
  1308 | D:2      | Noticed Natasha
  1311 | D:2      | Killed Natasha
  1312 | D:2      | Reached XP level 4. HP: 45/45 MP: 8/8
  1530 | D:2      | Noticed Natasha
  1539 | D:2      | Killed Natasha
  2420 | D:3      | Reached XP level 5. HP: 23/54 MP: 8/10
  2624 | D:3      | Found a bloodstained altar of Trog.
  3135 | D:3      | Found a faded altar of an unknown god.
  3242 | D:3      | Slain by a scorpion

Illustrated notes

Levels and vault maps discovered:
D:1:      minmay_arrival_loop, layout_basic
D:2:      layout_basic, uniq_natasha
D:3:      layout_loops_ring, trog_butcher_becter,
          shapermc_ecumenical_altar_hornbeckon
D:4:      layout_gridville, columned_hall_lemuel, st_stairs_2, minivault_23,
          uniq_duvessa, uniq_sigmund

Skill      XL: |  1  2  3  4 |
---------------+-------------+-----
Maces & Flails | 2 3 |  3.3
Fighting       | 3 |  3.9
Translocations | 3 |  3.4
Spellcasting   | 3 |  3.4
Throwing       | |  1.0
Dodging        | |  2.1

Action                   |  1- 3 |  4- 6 || total
-------------------------+-------+-------++-------
Melee: Mace              |    49 |   111 ||   160
       Punch             |     1 |       ||     1
Evoke: Wand              |     4 |     4 ||     8
  Use: Scroll            |       |     9 ||     9
       Potion            |       |     1 ||     1
Armor: Robe              |    22 |    42 ||    64
Dodge: Dodged            |    33 |    52 ||    85
